[ AOE2 MATCH · #506245543 ]
UnrankedMaya vs Armenians
Player's team · WIN
Rival team · LOSS
[ REPLAY ANALYSIS · EXTRACTED FROM THE RECORDED GAME ]
Feudal
9:23
Castle
19:32
Imperial
—
| APM avg | 77.0 |
| APM peak | 119 |
| eAPM avg | 32.1 |
| Villagers / military | 100 / 65 |
Focus
⚔️ 32.8% · 🌾 67.2%
Eagle Scout ×30 · Archer ×26 · Mangonel ×4 · Militia ×3 · Monk ×2
Feudal
9:26
Castle
22:32
Imperial
—
| APM avg | 40.1 |
| APM peak | 93 |
| eAPM avg | 21.7 |
| Villagers / military | 123 / 50 |
Focus
⚔️ 34.2% · 🌾 65.8%
Skirmisher ×28 · Militia ×9 · Mangonel ×7 · Archer ×4 · Monk ×2
Match map
Initial resources + every placement click. Lines = walls · curves = elevation contours. ◆ gold · ⬟ stone · ● berries · ✦ relic · ◌ wall gap
Your base· ✓ Closed at 19:32 · 16t walls · 2 gate(s) · fragile
Lucsor's base· ✓ Closed at 22:32 · 32t walls · 1 gate(s)
Smoothed initial terrain · ◌ = detected wall gap · hover for details
Inputs per minute
— Quix - - Lucsor
Build order — Quix
First 150 of 303 actions detected
| 0:00 | Research | Loom |
| 0:02 | Build | House |
| 0:03 | Build | House |
| 0:12 | Create | Villager (Male) |
| 0:13 | Create | Villager (Male) |
| 0:13 | Create | Villager (Male) |
| 1:28 | Create | Villager (Male) |
| 1:28 | Create | Villager (Male) |
| 1:49 | Build | Lumber Camp |
| 1:51 | Create | Villager (Male) |
| 2:33 | Create | Villager (Male) |
| 2:33 | Create | Villager (Male) |
| 2:33 | Create | Villager (Male) |
| 3:21 | Create | Villager (Male) |
| 3:25 | Create | Villager (Male) |
| 3:37 | Build | House |
| 3:57 | Build | Mill |
| 4:09 | Create | Villager (Male) |
| 4:09 | Create | Villager (Male) |
| 4:09 | Create | Villager (Male) |
| 4:49 | Create | Villager (Male) |
| 5:20 | Create | Villager (Male) |
| 5:44 | Build | Barracks |
| 6:01 | Create | Villager (Male) |
| 6:26 | Build | House |
| 6:40 | Create | Villager (Male) |
| 7:13 | Research | Feudal Age |
| 7:15 | Build | Mining Camp |
| 7:38 | Create | Militia |
| 7:58 | Create | Militia |
| 8:08 | Build | Lumber Camp |
| 8:19 | Create | Militia |
| 8:42 | Build | House |
| 8:45 | Build | House |
| 8:55 | Build | Palisade Wall |
| 9:14 | Create | Villager (Male) |
| 9:23 | Age | Feudal Age |
| 9:33 | Research | Man-at-Arms (upgrade) |
| 9:41 | Create | Villager (Male) |
| 9:51 | Build | Archery Range |
| 9:58 | Research | Double-Bit Axe |
| 10:17 | Create | Villager (Male) |
| 10:25 | Create | Villager (Male) |
| 10:33 | Build | Farm |
| 10:52 | Build | Farm |
| 10:54 | Create | Archer |
| 11:02 | Build | Palisade Gate |
| 11:23 | Create | Villager (Male) |
| 11:24 | Create | Archer |
| 11:30 | Create | Villager (Male) |
| 11:33 | Build | Farm |
| 11:42 | Create | Villager (Male) |
| 11:44 | Build | Farm |
| 11:46 | Build | House |
| 11:57 | Create | Villager (Male) |
| 12:02 | Build | Farm |
| 12:16 | Build | Blacksmith |
| 12:18 | Create | Archer |
| 12:18 | Create | Archer |
| 12:35 | Build | House |
| 12:38 | Build | Palisade Wall |
| 12:39 | Create | Archer |
| 12:40 | Create | Villager (Male) |
| 12:53 | Build | Farm |
| 13:04 | Build | House |
| 13:05 | Build | Palisade Wall |
| 13:06 | Create | Villager (Male) |
| 13:07 | Create | Archer |
| 13:15 | Build | Farm |
| 13:27 | Create | Villager (Male) |
| 13:34 | Build | Palisade Wall |
| 13:47 | Build | Farm |
| 13:48 | Build | Farm |
| 13:51 | Research | Fletching |
| 13:51 | Research | Fletching |
| 14:06 | Create | Archer |
| 14:20 | Create | Villager (Male) |
| 14:20 | Create | Villager (Male) |
| 14:24 | Build | Farm |
| 14:40 | Build | Archery Range |
| 14:45 | Create | Villager (Male) |
| 14:49 | Build | House |
| 14:52 | Create | Villager (Male) |
| 15:00 | Create | Villager (Male) |
| 15:05 | Build | Farm |
| 15:14 | Create | Archer |
| 15:27 | Create | Villager (Male) |
| 15:38 | Create | Villager (Male) |
| 15:40 | Build | House |
| 15:45 | Build | Farm |
| 15:53 | Build | Farm |
| 16:01 | Create | Archer |
| 16:07 | Build | Farm |
| 16:12 | Build | Farm |
| 16:18 | Build | Palisade Gate |
| 16:21 | Build | Palisade Wall |
| 16:23 | Build | Palisade Wall |
| 16:32 | Create | Villager (Male) |
| 16:52 | Research | Castle Age |
| 17:05 | Create | Archer |
| 17:27 | Build | Market |
| 17:38 | Create | Archer |
| 17:39 | Research | Padded Archer Armor |
| 17:39 | Research | Padded Archer Armor |
| 17:42 | Research | Horse Collar |
| 17:42 | Research | Horse Collar |
| 17:52 | Create | Archer |
| 17:53 | Create | Archer |
| 18:13 | Create | Villager (Male) |
| 18:44 | Create | Villager (Male) |
| 18:45 | Create | Archer |
| 18:48 | Research | Gold Mining |
| 18:48 | Research | Gold Mining |
| 19:10 | Create | Archer |
| 19:14 | Build | House |
| 19:21 | Create | Archer |
| 19:32 | Age | Castle Age |
| 19:37 | Build | Siege Workshop |
| 19:39 | Research | Bodkin Arrow |
| 19:43 | Research | Crossbowman (upgrade) |
| 19:44 | Research | Crossbowman (upgrade) |
| 19:55 | Build | House |
| 19:56 | Build | House |
| 19:58 | Build | House |
| 19:59 | Build | House |
| 20:05 | Create | Villager (Male) |
| 20:25 | Create | Archer |
| 20:25 | Create | Archer |
| 20:32 | Research | Bow Saw |
| 20:58 | Create | Villager (Male) |
| 21:25 | Create | Villager (Male) |
| 21:27 | Create | Mangonel |
| 21:29 | Build | House |
| 21:30 | Build | House |
| 21:33 | Create | Villager (Male) |
| 21:51 | Create | Archer |
| 21:51 | Create | Archer |
| 22:03 | Build | Monastery |
| 22:08 | Create | Mangonel |
| 22:23 | Create | Villager (Male) |
| 22:23 | Create | Villager (Male) |
| 22:46 | Create | Monk |
| 22:56 | Build | Town Center |
| 22:58 | Create | Villager (Male) |
| 23:06 | Create | Villager (Male) |
| 23:08 | Research | Wheelbarrow |
| 23:15 | Build | Farm |
| 23:21 | Create | Archer |
| 23:22 | Create | Archer |
| 23:42 | Create | Archer |
Build order — Lucsor
First 150 of 283 actions detected
| 0:00 | Create | Villager (Male) ×4 |
| 0:01 | Create | Villager (Male) ×4 |
| 0:02 | Build | House |
| 0:03 | Build | House |
| 1:28 | Create | Villager (Male) |
| 1:28 | Create | Villager (Male) |
| 1:56 | Build | Mule Cart |
| 2:03 | Create | Villager (Male) |
| 2:03 | Create | Villager (Male) |
| 2:16 | Create | Villager (Male) |
| 2:16 | Create | Villager (Male) |
| 2:41 | Create | Villager (Male) |
| 3:16 | Create | Villager (Male) |
| 3:28 | Build | House |
| 3:49 | Create | Villager (Male) |
| 3:49 | Create | Villager (Male) |
| 4:08 | Create | Villager (Male) |
| 4:08 | Create | Villager (Male) |
| 4:33 | Create | Villager (Male) |
| 4:34 | Create | Villager (Male) |
| 4:34 | Create | Villager (Male) |
| 5:02 | Build | Barracks |
| 5:25 | Create | Villager (Male) |
| 5:25 | Create | Villager (Male) |
| 5:26 | Create | Villager (Male) |
| 5:37 | Build | Palisade Wall |
| 5:46 | Research | Loom |
| 6:22 | Create | Villager (Male) |
| 6:30 | Build | Mule Cart |
| 7:16 | Research | Feudal Age |
| 7:16 | Research | Feudal Age |
| 7:46 | Build | Mill |
| 7:57 | Create | Militia |
| 7:58 | Create | Militia |
| 7:58 | Create | Militia |
| 8:09 | Build | Mule Cart |
| 8:14 | Create | Militia |
| 8:14 | Create | Militia |
| 8:28 | Build | House |
| 8:29 | Build | House |
| 8:58 | Create | Militia |
| 8:58 | Create | Militia |
| 9:15 | Create | Villager (Male) |
| 9:16 | Create | Villager (Male) |
| 9:26 | Age | Feudal Age |
| 9:32 | Create | Villager (Male) |
| 9:34 | Build | Archery Range |
| 9:36 | Create | Villager (Male) |
| 9:58 | Research | Man-at-Arms (upgrade) |
| 10:11 | Create | Villager (Male) |
| 10:12 | Create | Villager (Male) |
| 10:29 | Build | House |
| 10:45 | Create | Archer |
| 10:47 | Create | Villager (Male) |
| 10:54 | Create | Villager (Male) |
| 10:54 | Create | Villager (Male) |
| 10:55 | Create | Villager (Male) |
| 11:28 | Build | Blacksmith |
| 12:05 | Build | Farm |
| 12:07 | Build | Farm |
| 12:08 | Create | Archer |
| 12:09 | Create | Archer |
| 12:10 | Create | Villager (Male) |
| 12:22 | Create | Villager (Male) |
| 12:22 | Create | Villager (Male) |
| 12:25 | Build | House |
| 12:27 | Build | Palisade Gate |
| 12:30 | Build | Palisade Wall |
| 12:36 | Build | Farm |
| 12:38 | Build | Farm |
| 12:41 | Create | Archer |
| 12:46 | Build | Farm |
| 12:58 | Create | Villager (Male) |
| 13:14 | Build | House |
| 13:15 | Build | House |
| 13:28 | Create | Villager (Male) |
| 13:28 | Create | Villager (Male) |
| 13:51 | Build | Market |
| 13:53 | Create | Villager (Male) |
| 14:02 | Build | Farm |
| 14:06 | Create | Villager (Male) |
| 14:06 | Create | Villager (Male) |
| 14:28 | Create | Villager (Male) |
| 14:32 | Build | House |
| 14:34 | Build | Palisade Wall |
| 14:36 | Build | Palisade Wall |
| 14:37 | Build | Palisade Wall |
| 14:43 | Build | Farm |
| 15:02 | Create | Villager (Male) |
| 15:11 | Create | Skirmisher |
| 15:11 | Create | Skirmisher |
| 15:22 | Build | Palisade Wall |
| 15:25 | Build | Palisade Wall |
| 15:35 | Create | Skirmisher |
| 15:37 | Create | Villager (Male) |
| 15:49 | Research | Horse Collar |
| 15:50 | Research | Horse Collar |
| 15:50 | Create | Villager (Male) |
| 15:51 | Create | Villager (Male) |
| 16:00 | Build | House |
| 16:07 | Create | Skirmisher |
| 16:11 | Build | Farm |
| 16:14 | Create | Villager (Male) |
| 16:23 | Create | Villager (Male) |
| 16:26 | Research | Double-Bit Axe |
| 16:26 | Research | Double-Bit Axe |
| 16:32 | Create | Villager (Male) |
| 16:32 | Create | Villager (Male) |
| 16:39 | Build | Farm |
| 16:52 | Create | Skirmisher |
| 16:57 | Create | Villager (Male) |
| 17:07 | Build | Farm |
| 17:19 | Create | Skirmisher |
| 17:20 | Create | Skirmisher |
| 17:24 | Research | Fletching |
| 17:24 | Research | Fletching |
| 17:37 | Create | Villager (Male) |
| 17:39 | Create | Skirmisher |
| 17:42 | Create | Villager (Male) |
| 17:42 | Create | Villager (Male) |
| 17:44 | Build | Farm |
| 17:46 | Build | Farm |
| 17:54 | Create | Skirmisher |
| 18:09 | Create | Skirmisher |
| 18:10 | Create | Villager (Male) |
| 18:11 | Create | Villager (Male) |
| 18:19 | Build | Farm |
| 18:58 | Build | Farm |
| 18:59 | Build | Farm |
| 19:01 | Build | Farm |
| 19:01 | Create | Villager (Male) |
| 19:25 | Build | House |
| 19:29 | Build | House |
| 19:31 | Create | Villager (Male) |
| 19:52 | Research | Castle Age |
| 19:52 | Research | Castle Age |
| 19:59 | Build | House |
| 20:00 | Build | House |
| 20:09 | Research | Gold Mining |
| 20:31 | Build | Watch Tower |
| 20:35 | Build | House |
| 20:38 | Research | Padded Archer Armor |
| 20:48 | Build | Gate |
| 20:49 | Build | House |
| 20:53 | Build | House |
| 21:04 | Build | House |
| 21:39 | Create | Villager (Male) |
| 21:46 | Create | Villager (Male) |
| 22:15 | Create | Villager (Male) |
| 22:21 | Build | Mule Cart |
Match timeline
| 5:02 | Lucsor · first_building Barracks |
| 5:37 | Lucsor · wall_segment Palisade Wall x11 |
| 5:44 | Quix · first_building Barracks |
| 8:55 | Quix · wall_segment Palisade Wall x1 |
| 9:23 | Quix · age_up feudal |
| 9:26 | Lucsor · age_up feudal |
| 9:34 | Lucsor · first_building Archery Range |
| 9:51 | Quix · first_building Archery Range |
| 12:30 | Lucsor · wall_segment Palisade Wall x3 |
| 12:38 | Quix · wall_segment Palisade Wall x1 |
| 13:05 | Quix · wall_segment Palisade Wall x5 |
| 13:34 | Quix · wall_segment Palisade Wall x7 |
| 14:34 | Lucsor · wall_segment Palisade Wall x1 |
| 14:36 | Lucsor · wall_segment Palisade Wall x3 |
| 14:37 | Lucsor · wall_segment Palisade Wall x1 |
| 15:22 | Lucsor · wall_segment Palisade Wall x7 |
| 15:25 | Lucsor · wall_segment Palisade Wall x6 |
| 16:21 | Quix · wall_segment Palisade Wall x1 |
| 16:23 | Quix · wall_segment Palisade Wall x1 |
| 19:32 | Quix · age_up castle |
| 19:37 | Quix · first_building Siege Workshop |
| 19:41 | Lucsor · first_market_buy 100 food |
| 19:50 | Lucsor · first_market_sell 100 wood |
| 22:01 | Quix · first_market_buy 100 wood |
| 22:03 | Quix · first_building Monastery |
| 22:32 | Lucsor · age_up castle |
| 22:34 | Lucsor · first_building Siege Workshop |
| 27:15 | Lucsor · first_building Monastery |
| 33:16 | Lucsor · first_building Castle |
| 33:20 | Quix · first_building Castle |
| 33:33 | Lucsor · resign |
[ AI ANALYSIS · 1 CREDIT ]
What really happened in this match?
Wolo.gg analyzes every decision: build order, eco, micro, common mistakes by bracket. Personalized analysis on WhatsApp or Discord in 30 seconds.
Civ guide
Maya
Perfil
Jugador #2422210